 Dungeon Crawl Stone Soup version 0.30.1 (webtiles) character file.

Game seed: 5749489503855618847

105 GeoRichter the Sneak (level 4, -2/23 HPs)
             Began as a Vine Stalker Brigand on July 12, 2023.
             Killed from afar by Ijyb (7 damage)
             ... with a puff of flame
             ... on level 2 of the Dungeon.
             The game lasted 00:03:36 (1908 turns).

GeoRichter the Sneak (Vine Stalker Brigand)         Turns: 1908, Time: 00:03:37

Health: -2/23      AC:  4    Str: 15    XL:     4   Next: 81%
Magic:  0/5        EV: 11    Int: 11    God:
Gold:   147        SH:  0    Dex: 16    Spells: 3/3 levels left

rFire   . . .        b - +1 short sword (elec)
rCold   . . .        (no shield)
rNeg    . . .        o - +0 leather armour
rPois   .            (no helmet)
rElec   .            c - +0 cloak
rCorr   .            (no gloves)
SInv    .            (no boots)
Will    .....        (no amulet)
Stlth   +++          (no ring)
HPRegen 1.03/turn    (no ring)
MPRegen 0.09/turn

%: guardian spirit
@: lethally poisoned (-2 -> -2)
A: fangs 2, regeneration 1, magic shield, antimagic bite, no potion heal 2
a: no special abilities


You were on level 2 of the Dungeon.
You visited 1 branch of the dungeon, and saw 2 of its levels.

You collected 147 gold pieces.

Inventory:

Hand Weapons
 a - a +2 dagger
 b - a +1 short sword of electrocution (weapon)
   (You found it on level 1 of the Dungeon)
Missiles
 d - 9 poisoned darts (quivered)
Armour
 c - a +0 cloak (worn)
 o - a +0 leather armour (worn)
   (You found it on level 2 of the Dungeon)
Jewellery
 n - a ring of ice
   (You found it on level 2 of the Dungeon)
Scrolls
 h - 3 scrolls of teleportation {unknown}
 j - 2 scrolls of magic mapping {unknown}
 k - 3 scrolls of identify {unknown}
 m - 2 scrolls of enchant weapon {unknown}
Potions
 f - a potion of lignification {unknown}
 g - 2 potions of attraction {unknown}
 i - 2 potions of haste {unknown}
 l - a potion of ambrosia {unknown}
 p - a potion of curing {unknown}


   Skills:
 + Level 2.8 Fighting
 * Level 3.7 Short Blades
 - Level 1.7 Throwing
 - Level 0.7 Dodging
 - Level 4.8 Stealth


You had 3 spell levels left.
You didn't know any spells.
Your spell library contained the following spells:

 Spells                   Type           Power      Damage    Failure   Level
 Sandblast                Erth           0%         2d4       41%         1
 Passwall                 Tmut/Erth      0%         N/A       54%         2
 Static Discharge         Conj/Air       0%         2-2/arc   54%         2
 Stone Arrow              Conj/Erth      0%         3d7       78%         3
 Summon Guardian Golem    Hex/Summ       0%         N/A       78%         3
 Airstrike                Air            0%         2d(0-16)  99%         4
 Summon Lightning Spire   Summ/Air       0%         N/A       99%         4
 Orb of Destruction       Conj           0%         9d5       100%        7
 Spellforged Servitor     Conj/Summ      0%         N/A       100%        7


Dungeon Overview and Level Annotations

Branches:
Dungeon (2/15) Zot: 10110

Altars:

Annotations:
D:2 Ijyb


Innate Abilities, Weirdness & Mutations

You have extremely sharp teeth.
Your natural rate of healing is unusually fast.
When hurt, damage is shared between your health and your magic reserves.
Your bite disrupts and absorbs the magic of your enemies.
Potions cannot restore your health.


Message History

Throw: 3 darts (curare) {!f}
Press: ? - help, Shift-Dir - straight line, f - goblin
Aim: a goblin, wielding a +5 dagger of venom (53% to hit)
You throw a curare-tipped dart {!f}.
The curare-tipped dart {!f} hits the goblin.
The goblin is poisoned.
The goblin convulses.
The goblin seems to slow down.
The goblin is severely wounded.
You barely miss the goblin. Your bite misses the goblin.
The goblin is severely wounded.
The goblin hits you with a +5 dagger of venom.
You are poisoned.
You hit the goblin.
You kill the goblin!
You feel very sick.
Ijyb zaps a wand.
The puff of flame hits you but does no damage.
Throw: 2 darts (curare) {!f}
Press: ? - help, Shift-Dir - straight line, f - Ijyb
Aim: Ijyb, wielding a +7 dagger of protection, wearing a +0 leather armour and carrying a wand of flame (19) (53% to hit)
You throw a curare-tipped dart {!f}.
The curare-tipped dart {!f} barely misses Ijyb.
The curare-tipped dart {!f} closely misses the goblin.
You feel sick.
Throw: dart (curare) {!f}
Press: ? - help, Shift-Dir - straight line, f/p - Ijyb
Aim: Ijyb, wielding a +7 dagger of protection, wearing a +0 leather armour and carrying a wand of flame (19) (53% to hit)
You throw a curare-tipped dart {!f}.
The curare-tipped dart {!f} closely misses Ijyb.
The curare-tipped dart {!f} barely misses the goblin.
The curare-tipped dart {!f} closely misses the goblin.
You feel sick.
You hit Ijyb but do no damage. You bite Ijyb. You drain her power.
You feel invigorated.
Ijyb is lightly wounded.
You feel sick.
Ijyb zaps a wand.
The puff of flame hits you.
* * * LOW HITPOINT WARNING * * *
You barely miss Ijyb. You bite Ijyb, but do no damage.
Ijyb is lightly wounded.
You feel sick.
You barely miss Ijyb.
Ijyb is lightly wounded.
You feel sick.
Ijyb hits you with a +7 dagger of protection!
* * * LOW HITPOINT WARNING * * *
You feel sick.
Ijyb zaps a wand.
The puff of flame hits you!
You die...

#..##.......####
#...#..####)# 8.....8
#.#.#..# #.# .g.g...
#.#.#..# #.# 8.gg.g8
#.#.#..# #.# .g.....
#.#.#..# #.# 8.....8
#.#.#..####.# #.......
#.......ggg(####8.g...8
###.#.@####............
#.#..#########.......
#.#......#. ...<.##.
#.#.####.... ........
#..........# #######.
####...###############.
##...#....# #...........
#..##.#.#.###.###.######
#.####.##.##....#...####


You could see Ijyb and 2 goblins.

Vanquished Creatures
  Jessica (D:2)
  An adder (D:2)
  A dart slug (D:1)
  4 ball pythons
  4 bats
  8 endoplasms
  A giant cockroach (D:2)
  7 goblins
  5 hobgoblins
  9 jackals
  2 quokkas
  3 frilled lizards
  7 kobolds
  8 rats
61 creatures vanquished.

Notes
Turn   | Place    | Note
-------+----------+-------------------------------------------
     0 | D:1      | GeoRichter the Vine Stalker Brigand began the quest for the
                  | Orb.
     0 | D:1      | Reached XP level 1. HP: 11/11 MP: 2/2
   182 | D:1      | Reached XP level 2. HP: 15/15 MP: 3/3
   632 | D:1      | Reached XP level 3. HP: 18/18 MP: 4/4
   800 | D:1      | Found a faded altar of an unknown god.
  1427 | D:2      | Gained mutation: Your natural rate of healing is unusually
                  | fast. [Vine Stalker growth]
  1427 | D:2      | Reached XP level 4. HP: 23/23 MP: 5/5
  1630 | D:2      | Noticed Jessica
  1677 | D:2      | Killed Jessica
  1884 | D:2      | Noticed Ijyb
  1908 | D:2      | Killed from afar by Ijyb

Illustrated notes

Levels and vault maps discovered:
D:1:      sevenhm_arrival_forest_fort_large_4, layout_basic,
          shapermc_ecumenical_altar_petra, minmay_tetromino_o2
D:2:      kennysheep_the_goblin_king, layout_loops_ring, minmay_quadrilaterals,
          uniq_jessica

Skill      XL: |  1  2  3 |
---------------+----------+-----
Short Blades   | 2 3 |  3.7
Fighting       | 2 |  2.8
Throwing       | |  1.7
Dodging        | |  0.7
Stealth        | |  4.8

Action                     |  1- 3 |  4- 6 || total
---------------------------+-------+-------++-------
  Melee: Dagger            |    47 |       ||    47
         Bite              |    18 |     9 ||    27
         Short sword       |    41 |    35 ||    76
  Throw: Dart              |       |     5 ||     5
   Stab: Sleeping          |    24 |       ||    24
 Armour: Robe              |    10 |     7 ||    17
         Leather armour    |       |     4 ||     4
  Dodge: Dodged            |    38 |    10 ||    48
